Map: Lock & Load

Players

monk

  • Race: Zerg Zerg

XxMaximusxX

  • Race: Terran Terran
  • Spawn Location: 6:00

VOD

Have the link to the VOD?

Description

Time

  • Played on: Sept. 28, 2017, 1:04 a.m.
  • Length: 13:07
Show
View Real Time Build Order
Export as new Build Order

monk Zerg 

Build Orders:  

Get SALT Encoding   

  12  0:03  Infested SCV  
  13  0:12  Infested SCV  
  13  0:18  Infested SCV  
  15  1:03  Infested Command Center  
  15  1:14  Overlord  
  15  1:39  Infested SCV x3  
  18  1:40  Infested SCV x2  
  20  1:52  Infested Refinery  
  20  1:58  Infested SCV  
  21  2:03  Infested Refinery  
  21  2:13  Infested SCV  
  22  2:29  Infested SCV  
  23  2:36  Infested Barracks  
  23  2:45  Infested SCV x3  
  26  2:52  Infested SCV  
  26  2:59  Infested SCV  
  28  3:00  Infested SCV  
  28  3:03  Infested Colonist Compound  
  28  3:08  Anaerobic Enhancement  
  29  3:16  Infested SCV  
  30  3:23  Infested SCV  
  31  3:31  Infested SCV x2  
  33  3:47  Overlord  
  33  4:00  Infested SCV, Infested Command Center  
  33  4:05  Infested SCV x2  
  36  4:19  Infestation Level 1  
  36  4:31  Infested SCV x2  
  36  4:38  Infested Engineering Bay  
  38  4:41  Infested SCV x2  
  40  4:50  Infested Factory  
  40  4:51  Infested SCV  
  41  5:02  Infested SCV  
  42  5:11  Infested SCV x2  
  42  5:12  Infested Barracks Tech Lab, Infested Barracks  
  44  5:23  Overlord x2  
  44  5:26  Stukov Infantry Weapons Level 1  
  44  5:40  Overlord x2  
  44  5:59  Infested Bunker  
  48  6:07  Infested Starport  
  48  6:19  Broodling Gestation  
  48  6:25  Infested Bunker  
  56  6:30  Infested SCV x3  
  56  6:32  Infested Bunker  
  59  6:40  Plagued Munitions  
  59  6:56  Infested SCV  
  59  6:58  Infested Bunker  
  64  7:08  Overlord  
  64  7:15  Overseer  
  68  7:20  Infested Bunker  
  68  7:24  Overseer  
  68  7:56  Infested Bunker  
  68  8:00  Infestation Level 2  
  72  8:20  Retinal Augmentation  
  72  8:21  Stukov Infantry Weapons Level 2  
  72  8:22  Infested Bunker  
  72  8:23  Infested Bunker  
  72  8:43  Infested SCV x2  
  78  8:51  Infested Bunker  
  78  9:07  Infested SCV x2  
  80  9:34  Infested Barracks, Overseer x2  
  80  9:49  Infested Barracks  
  79  9:58  Infested Barracks x2  
  79  10:00  Overlord x3  
  79  10:02  Overlord  
  79  10:13  Infested Bunker  
  79  10:16  Infested Barracks  
  79  10:39  Overlord  
  79  10:40  Overlord x5  
  79  10:41  Overlord  
  79  10:44  Infested Bunker  
  79  10:46  Infested Bunker  
  79  10:50  Infested Bunker  
  79  10:52  Infested Barracks  
  79  10:54  Infested Bunker  
  79  11:13  Infested Marine x2  
  79  11:14  Infested Marine x21  
  102  11:20  Infested Marine  
  102  11:21  Infested Marine x5  
  102  11:23  Infested Marine  
  102  11:24  Infested Marine  
  102  11:25  Infested Marine x2  
  111  11:36  Infested Barracks  
  111  11:38  Infested Marine x3  
  111  11:39  Infested Marine x11  
  120  11:40  Infested Marine  
  120  11:45  Infested Marine x2  
  120  11:46  Infested Marine  
  114  11:56  Infested Marine x3  
  114  11:59  Infested Marine x2  
  100  12:00  Infested Marine x11  
  100  12:01  Infested Marine  
  100  12:02  Infested Marine x4  
  100  12:03  Infested Marine  
  115  12:11  Infested Marine  
  115  12:13  Infested Marine  
  115  12:14  Infested Marine x12  
  115  12:15  Infested Marine  
  129  12:27  Infested Marine  
  129  12:28  Infested Marine  
  129  12:29  Infested Marine x7  
  134  12:30  Infested Marine x9  
  134  12:31  Infested Marine  
  134  12:32  Infested Marine  
  134  12:33  Infested Marine x2  
  134  12:34  Infested Marine  
  134  12:35  Infested Marine  
  148  12:40  Infested Marine  
  148  12:41  Infested Marine x2  
Show
View Real Time Build Order
Export as new Build Order

XxMaximusxX Terran 

Build Orders:  

Get SALT Encoding   

Tags
 
Commander
RaynorStukov
Matchup
Co-op
Replay Pack
Co-op Speedrun
Add a new tag
Caveats
  • Supply blocks, unpowered buildings, or Contaminate may cause inaccurate times.
  • Supply counts are checked every 10 seconds.